 Seeded DCSS version 0.28.0-62-gf88900778d (webtiles) character file.

Game seed: 6601614366140043139 (custom seed)

56 tkbsonic5 the Chopper (level 3, -4/23 (31) HPs)
             Began as a Hill Orc Fighter on Feb 26, 2023.
             Slain by Sigmund
             ... wielding a +0 scythe
              (10 damage)
             ... on level 2 of the Dungeon.
             The game lasted 00:04:09 (1456 turns).

tkbsonic5 the Chopper (Hill Orc Fighter)            Turns: 1456, Time: 00:04:10

HP:   -4/23 (31)    AC: 10    Str: 20    XL:     3   Next: 97%
MP:   3/3           EV:  4    Int:  8    God:
Gold: 64            SH:  0    Dex: 10    Spells: 2/2 levels left

rFire   . . .      SeeInvis .   a - +0 war axe
rCold   . . .      Faith    .   c - +0 buckler
rNeg    . . .      Spirit   .   i - +0 chain mail
rPois   +          Reflect  .   (no helmet)
rElec   .          Harm     .   h - +0 cloak
rCorr   .          Rampage  .   (no gloves)
Will    .....                   (no boots)
Stlth   ..........              (no amulet)
HPRegen 0.07/turn               e - ring of poison resistance
MPRegen 0.08/turn               (no ring)

@: confused, mighty, constricted, very heavily drained
A: no striking features
a: no special abilities


You were on level 2 of the Dungeon.
You visited 1 branch of the dungeon, and saw 2 of its levels.

You collected 64 gold pieces.

Inventory:

Hand Weapons
 a - a +0 war axe (weapon)
 k - a +0 dagger of draining
Armour
 b - a +0 scale mail
 c - a +0 buckler (worn)
 h - a +0 cloak (worn)
 i - a +0 chain mail (worn)
Jewellery
 e - a ring of poison resistance (left hand)
Wands
 f - a wand of charming (6) (quivered)
Scrolls
 g - a scroll of teleportation
 j - a scroll of silence {unknown}


   Skills:
 - Level 3.6 Fighting
 * Level 5.5 Axes
 - Level 3.2 Armour
 - Level 3.2 Shields


You had 2 spell levels left.
You didn't know any spells.
Your spell library was empty.

Dungeon Overview and Level Annotations

Branches:
Dungeon (2/15)

Altars:

Shops:
D:1 =

Annotations:
D:2 Sigmund


Message History

You miss Sigmund.
Sigmund is moderately wounded.
Sigmund hits you with a +0 scythe. Sigmund hits you but does no damage.
You bump into the rock wall.
Sigmund zaps a wand.
You hear a grinding noise.
Sigmund points at you and mumbles some strange words.
You are more confused.
Sigmund points at you and mumbles some strange words.
You are more confused.
Sigmund gestures at you while chanting. The puff of flame misses you.
Sigmund points at you and mumbles some strange words.
The magic dart hits you.
* * * LOW HITPOINT WARNING * * *
A ball python comes into view.
The ball python hisses angrily.
The ball python barely misses you. The ball python grabs you.
The ball python constricts you.
You escape the ball python's grasp.
You're too confused to move!
The ball python bites you but does no damage.
The ball python grabs you. The ball python constricts you.
The ball python bites you but does no damage.
The ball python constricts you.
* * * LOW HITPOINT WARNING * * *
You escape the ball python's grasp.
You bump into the rock wall.
The ball python bites you but does no damage.
The ball python grabs you. The ball python constricts you.
The ball python completely misses you. The ball python constricts you.
You bump into the rock wall.
Sigmund casts a spell at you. You resist with significant effort.
The ball python bites you but does no damage.
The ball python constricts you.
The ball python's grasp on you weakens, but your attempt to escape fails.
Sigmund hits you from afar with a +0 scythe!
You die...

#.# #.# #.#
########..##
.......#.#.###
######.......#
######.......##
....##........########
###...........@.@....#
# ####.......##S####.#
# #.......#.... #
#.......#.##.# .
...#.#####. #.##. #
#####.# #. #.... ##+##
#. .... ##...## ##
#..## ##.....##
#..####.#


You could see Sigmund and a ball python.

Vanquished Creatures
  An adder (D:2)
  A worm (D:2)
  2 dart slugs
  3 endoplasms (D:1)
  2 giant cockroaches (D:1)
  6 goblins
  A hobgoblin (D:2)
  7 jackals (D:1)
  3 kobolds
  2 quokkas (D:1)
  3 ball pythons
  A bat (D:2)
  A frilled lizard (D:1)
  A rat (D:1)
  A spectral hobgoblin (D:1)
35 creatures vanquished.

Notes
Turn   | Place    | Note
-------+----------+-------------------------------------------
     0 | D:1      | tkbsonic5 the Hill Orc Fighter began the quest for the Orb.
     0 | D:1      | Reached XP level 1. HP: 19/19 MP: 1/1
    36 | D:1      | Reached skill level 3 in Axes
    39 | D:1      | Reached XP level 2. HP: 18/26 MP: 2/2
   185 | D:1      | Reached skill level 4 in Axes
   500 | D:1      | Found a faded altar of an unknown god.
   709 | D:1      | Reached XP level 3. HP: 31/31 MP: 3/3
   880 | D:1      | Found Lazebb's Jewellery Shoppe.
  1223 | D:2      | Reached skill level 5 in Axes
  1416 | D:2      | Noticed Sigmund
  1456 | D:2      | Slain by Sigmund

Illustrated notes

Levels and vault maps discovered:
D:1:      erik_arrival_cave_to_civilisation [erik_arrival_cave_to_temple],
          layout_basic, dreamdust_ecumenical_altar_drowned_temple, serial_shops,
          nicolae_shop_competitors_out_of_business, chequers_avenue
D:2:      layout_loops_corners, kennysheep_generic_room_6, uniq_sigmund

Skill      XL: |  1  2  3 |
---------------+----------+-----
Axes           | 3 4 5 |  5.5
Fighting       | |  3.6
Armour         | |  3.2
Shields        | |  3.2

Action                   || total
-------------------------++-------
Melee: War axe           ||   118
Evoke: Wand              ||     3
  Use: Scroll            ||     1
       Potion            ||     1
Armor: Scale mail        ||    35
       Chain mail        ||    37
Dodge: Dodged            ||    63
Block: Buckler           ||    17
